 Dungeon Crawl Stone Soup version 0.23-a0-667-gc184e93 (webtiles) character file.

994 Lanoc the Ruffian (level 7, -4/70 HPs)
             Began as a Troll Monk on Jan 8, 2019.
             Was a Priest of Qazlal.
             Slain by an orc warrior
             ... wielding a +0 flail
              (22 damage)
             ... on level 6 of the Dungeon.
             The game lasted 00:05:39 (2800 turns).

Lanoc the Ruffian (Troll Monk)                      Turns: 2800, Time: 00:05:40

Health: -4/70      AC:  5    Str: 22    XL:     7   Next: 99%
Magic:  8/8        EV: 11    Int:  6    God:    Qazlal [***...]
Gold:   459        SH:  4    Dex: 12    Spells: 6/6 levels left

rFire    . . .     SeeInvis .     - Unarmed
rCold    . . .     Gourm    +   (no shield)
rNeg     + . .     Faith    .   a - +0 robe
rPois    .         Spirit   .   (helmet restricted)
rElec    .         Reflect  .   (no cloak)
rCorr    .         Harm     .   (gloves unavailable)
MR       .....                  (boots unavailable)
Stlth    +.........             (no amulet)
HPRegen  0.61/turn              n - ring of positive energy
MPRegen  0.11/turn              p - ring of wizardry

@: studying Long Blades
A: large, unfitting armour, claws 3, fast metabolism 3, gourmand, regeneration
1, shaggy fur 1, tough skin 2
a: Upheaval, Elemental Force, Renounce Religion


You were on level 6 of the Dungeon.
You worshipped Qazlal.
Qazlal was most pleased with you.
You were completely stuffed.

You visited 2 branches of the dungeon, and saw 7 of its levels.

You collected 459 gold pieces.

Inventory:

Armour
 a - a +0 robe (worn)
Jewellery
 n - a ring of positive energy (left claw)
 p - a ring of wizardry (right claw)
Wands
 k - a wand of paralysis (5)
 q - a wand of enslavement (11)
 u - a wand of flame (9)
 y - a wand of polymorph (10)
Scrolls
 c - 7 scrolls of identify {unknown}
 e - 3 scrolls of enchant armour {unknown}
 f - a scroll of random uselessness {unknown}
 g - 2 scrolls of amnesia {unknown}
 h - 2 scrolls of enchant weapon {unknown}
 i - 4 scrolls of teleportation {unknown}
 l - 2 scrolls of noise {unknown}
 o - 2 scrolls of fear {unknown}
 r - a scroll of blinking {unknown}
 t - a scroll of remove curse {unknown}
Potions
 d - a potion of heal wounds {unknown}
 j - a potion of ambrosia {unknown}
 m - 2 potions of curing {unknown}
 v - a potion of lignification {unknown}
 x - a potion of resistance
 z - 2 potions of invisibility {unknown}
Books
 w - a manual of Long Blades
Comestibles
 b - 11 rations
 s - 3 chunks of flesh


   Skills:
 + Level 4.2 Fighting
 + Level 4.2 Dodging
 - Level 1.0 Stealth
 * Level 6.6 Unarmed Combat
 + Level 3.1 Invocations


You had 6 spell levels left.
You didn't know any spells.
Your spell library was empty.

Dungeon Overview and Level Annotations

Branches:
Dungeon (6/15)             Temple (1/1) D:4

Altars:
Elyvilon
Gozag
Nemelex Xobeh
Qazlal
Vehumet

Shops:
D:4 (


Innate Abilities, Weirdness & Mutations

You are too large for most types of armour.
You have claws for hands.
Your metabolism is lightning-fast.
You like to eat raw meat.
Your natural rate of healing is unusually fast.
You are covered in fur. (AC +1)
You have very tough skin. (AC +2)


Message History

The crimson imp is lightly wounded.
The gnoll barely misses you. The crimson imp hits you.
You miss the crimson imp.
The crimson imp is lightly wounded.
The gnoll hits you with a +1 whip of electrocution.
You block the gnoll's attack.
You mangle the crimson imp!!
You kill the crimson imp!
Qazlal accepts your kill.
The gnoll hits you with a +1 whip of electrocution.
You are electrocuted!
* * * LOW HITPOINT WARNING * * *
An orc warrior comes into view. It is wielding a +0 flail.
The gnoll closely misses you.
You hear a shout!
An orc comes into view. It is wielding a +0 mace.
The orc warrior barely misses you.
The orc warrior is engulfed in blazing flames.
The orc warrior hits you with a +0 flail!!
You die...

##..###.#...#.#
#.........)..#
#...###.##.<##
#....##o†...#
####.........###
.....<....###.##
##...........#
#.....####...#
#.@...# ...
#.o#..# ##.
#..#..# #°g#..#
#gg#..# #..#...
#..#..## #..##.#
#..#


You could see an orc warrior, 3 gnolls and an orc.

Vanquished Creatures
  Sigmund (D:3)
  Edmund (D:5)
  An ogre (D:4)
  A bullfrog (D:5)
  A scorpion (D:5)
  A water moccasin skeleton (D:5)
  A howler monkey (D:5)
  A crimson imp (D:6)
  A hound (D:6)
  Jessica (D:3)
  An orc wizard (D:4)
  3 worker ants (D:5)
  Terence (D:3)
  A worker ant zombie (D:5)
  Robin (D:2)
  4 gnolls
  5 adders
  A shadow imp (D:5)
  2 worms
  3 dart slugs
  2 leopard geckos
  9 orcs
  4 giant cockroaches
  12 goblins
  14 hobgoblins
  7 jackals
  6 quokkas
  3 bats
  5 frilled lizards
  8 kobolds
  8 rats
  A fungus (D:2)
111 creatures vanquished.

Vanquished Creatures (others)
  A quokka (D:5)
  2 toadstools (D:2)
3 creatures vanquished.

Grand Total: 114 creatures vanquished

Notes
Turn   | Place    | Note
-------+----------+-------------------------------------------
     0 | D:1      | Lanoc the Troll Monk began the quest for the Orb.
     0 | D:1      | Reached XP level 1. HP: 22/22 MP: 0/0
   119 | D:1      | Reached XP level 2. HP: 23/29 MP: 1/1
   195 | D:1      | Reached XP level 3. HP: 20/36 MP: 2/2
   530 | D:2      | Reached skill level 4 in Unarmed Combat
   567 | D:2      | Found a radiant altar of Vehumet.
   575 | D:2      | Found a stormy altar of Qazlal.
   590 | D:2      | Became a worshipper of Qazlal Stormbringer
   590 | D:2      | Reached * piety under Qazlal
   590 | D:2      | Reached ** piety under Qazlal
   644 | D:2      | Reached XP level 4. HP: 44/44 MP: 3/3
   732 | D:2      | Noticed Robin
   749 | D:2      | Killed Robin
   943 | D:3      | Found a faded altar of an unknown god.
   944 | D:3      | Noticed Terence
   948 | D:3      | Killed Terence
  1021 | D:3      | Noticed Jessica
  1025 | D:3      | Killed Jessica
  1025 | D:3      | Reached skill level 1 in Invocations
  1025 | D:3      | Reached XP level 5. HP: 53/53 MP: 4/4
  1037 | D:3      | Noticed Sigmund
  1044 | D:3      | Killed Sigmund
  1044 | D:3      | Reached skill level 5 in Unarmed Combat
  1044 | D:3      | Reached XP level 6. HP: 60/61 MP: 4/6
  1478 | D:3      | Found an opulent altar of Gozag.
  1791 | D:4      | Found a staircase to the Ecumenical Temple.
  1874 | Temple   | Entered the Ecumenical Temple
  2187 | D:4      | Found Ynwi's Weapon Shoppe.
  2283 | D:5      | Entered Level 5 of the Dungeon
  2317 | D:5      | Noticed Edmund
  2325 | D:5      | Killed Edmund
  2325 | D:5      | Reached XP level 7. HP: 57/68 MP: 7/7
  2380 | D:5      | Reached *** piety under Qazlal
  2381 | D:5      | Reached skill level 6 in Unarmed Combat
  2487 | D:5      | Found a white marble altar of Elyvilon.
  2800 | D:6      | Slain by an orc warrior

Vault maps used:
D:1:      lightli_arrival_flooded_house
D:2:      grunt_temple_overflow_open, minmay_gold_behind_fungi, uniq_robin
D:3:      marbit_many_paths, chequers_ecumenical_altar_simple, first_ration,
          uniq_jessica, uniq_sigmund, uniq_terence
D:4:      minmay_temple_entry_statues_fountains, serial_shops,
          kennysheep_little_box
D:5:      elyvilon_altar_4, minmay_manual_monolith, uniq_edmund
D:6:      gammafunk_ghost_grave
Temple:   minmay_crystal_spiral_temple

Skill      XL: |  1  2  3  4  5  6  7 |
---------------+----------------------+-----
Unarmed Combat | 4 5 6 |  6.6
Fighting       | 3 4 |  4.2
Dodging        | 3 4 |  4.2
Invocations    | 1 2 3 |  3.1
Stealth        | |  1.0

Action                   |  1- 3 |  4- 6 |  7- 9 || total
-------------------------+-------+-------+-------++-------
Melee: Unarmed           |    74 |    99 |    82 ||   255
       Punch             |       |     2 |     2 ||     4
  Eat: Chunk             |    11 |    16 |     4 ||    31
Armor: Robe              |    20 |    29 |    39 ||    88
Dodge: Dodged            |    34 |    49 |    63 ||   146
Block: Other             |       |     6 |    23 ||    29

Table legend:
 A = Non-vault XP
 B = Vault XP
 C = Vault XP percentage of total XP
 D = Non-vault monster count
 E = Vault monster count
 F = Vault count percentage of total count
                 A         B        C        D         E       F
            +---------+---------+-------+---------+---------+-------
      Total |     802 |     619 |  43.6 |      90 |      20 |  18.2
            +---------+---------+-------+---------+---------+-------
        D:1 |      55 |       0 |   0.0 |      28 |       0 |   0.0
        D:2 |      56 |      34 |  37.8 |      15 |      12 |  44.4
        D:3 |      27 |     291 |  91.5 |       9 |       4 |  30.8
        D:4 |     217 |       0 |   0.0 |      16 |       0 |   0.0
        D:5 |     346 |     294 |  45.9 |      18 |       4 |  18.2
        D:6 |     101 |       0 |   0.0 |       4 |       0 |   0.0
            +---------+---------+-------+---------+---------+-------
